 Dungeon Crawl Stone Soup version 0.30-a0-808-g6e0788376e (webtiles) character file.

Game seed: 13303403662458770021

325841 demibob the Warrior (level 21, 0/187 HPs)
             Began as a Merfolk Gladiator on Feb 26, 2023.
             Was a Believer of Ashenzari.
             Slain by an 11-headed hydra (4 damage)
             ... on level 4 of the Swamp.
             The game lasted 01:30:41 (56609 turns).

demibob the Warrior (Merfolk Gladiator)            Turns: 56609, Time: 01:30:42

Health: 0/187      AC: 25    Str: 18    XL:     21   Next: 99%
Magic:  21/21      EV: 30    Int:  6    God:    Ashenzari [**....]
Gold:   3488       SH: 16    Dex: 24    Spells: 20/20 levels left

rFire   . . .      SeeInvis +    a - +11 consecrated labrys {holy, Valiant Fragile Fly SInv, Melee, Cun} (curse)
rCold   + . .      Faith    .    h - +0 kite shield {AC+3}
rNeg    . . .      Spirit   .    Z - +6 chain mail of Levity {+Inv rPois Will+}
rPois   +          Reflect  .    N - +2 hat "Overhang to Understand" {Will+, Range, Elem} (curse)
rElec   .          Harm     +    V - scarf {harm}
rCorr   .          Rampage  .    o - +0 pair of gloves "Wigyr" {rC+}
Will    +++++      Rage     50%  A - +2 pair of slick slippers {slick, slippery, EV+5, Evo, Fort} (curse) Stlth
                                 M - necklace of Bloodlust {Fury *Rage Will++ Int-3 Slay+6, Self, Evo} (curse)
HPRegen 0.51/turn                E - +5 ring of evasion
MPRegen 0.17/turn                i - ring "Ammusutu" {Will+ Str+3}

@: on berserk cooldown, flying, hasted and slowed, studying 3 skills
A: (nimble swimmer 2), mertail
}: 1/15 runes: gossamer
a: Renounce Religion, Evoke Invisibility, Shatter the Chains


You were on level 4 of the Swamp.
You worshipped Ashenzari.
Ashenzari was pleased with you.
You visited 8 branches of the dungeon, and saw 38 of its levels.

You collected 16132 gold pieces.
You spent 4464 gold pieces at shops.
You paid 8180 gold pieces to Gozag.


Innate Abilities, Weirdness & Mutations

((You are very nimble when in or above water. (Stealth+, EV+, Speed+++)))
Your lower body shifts to a powerful aquatic tail in water.


   Skills:
 + Level 20.5(21.5) Fighting
 - Level 16.8(19.0) Axes
 - Level 16.0(22.9) Polearms
 - Level 2.0(3.0) Throwing
 - Level 7.6(8.9) Armour
 + Level 19.7(20.7) Dodging
 - Level 15.0(16.1) Shields
 - Level 15.8(17.6) Evocations


You had 20 spell levels left.
You didn't know any spells.
Your spell library contained the following spells:

 Spells                   Type           Power      Damage    Failure   Level
 Sandblast                Erth           0%         2d4       100%        1
 Passwall                 Tmut/Erth      0%         N/A       100%        2
 Call Canine Familiar     Summ           0%         N/A       100%        3
 Gell's Gravitas          Tloc           0%         N/A       100%        3
 Hailstorm                Conj/Ice       0%         3d3       100%        3
 Ignite Poison            Fire/Tmut/Pois 0%         N/A       100%        3
 Inner Flame              Hex/Fire       0%         N/A       100%        3
 Ozocubu's Armour         Ice            0%         N/A       100%        3
 Portal Projectile        Hex/Tloc       0%         N/A       100%        3
 Stone Arrow              Conj/Erth      0%         3d7       100%        3
 Summon Guardian Golem    Hex/Summ       0%         N/A       100%        3
 Teleport Other           Tloc           0%         N/A       100%        3
 Anguish                  Hex/Necr       0%         N/A       100%        4
 Ice Form                 Ice/Tmut       0%         N/A       100%        4
 Leda's Liquefaction      Hex/Erth       0%         N/A       100%        4
 Sticky Flame             Conj/Fire      0%         2d3       100%        4
 Summon Ice Beast         Ice/Summ       0%         N/A       100%        4
 Alistair's Intoxication  Tmut/Pois      0%         N/A       100%        5
 Borgnjor's Vile Clutch   Necr/Erth      0%         N/A       100%        5
 Fireball                 Conj/Fire      0%         3d3       100%        5
 Iskenderun's Battlesphe  Conj           0%         2d6       100%        5
 Metabolic Englaciation   Hex/Ice        0%         N/A       100%        5
 Summon Mana Viper        Hex/Summ       0%         N/A       100%        5
 Conjure Ball Lightning   Conj/Air       0%         3x3d6     100%        6
 Dispersal                Tloc           0%         N/A       100%        6
 Eringya's Noxious Bog    Tmut/Pois      0%         N/A       100%        6
 Simulacrum               Ice/Necr       0%         N/A       100%        6
 Starburst                Conj/Fire      0%         6d3       100%        6
 Enfeeble                 Hex            0%         N/A       100%        7
 Monstrous Menagerie      Summ           0%         N/A       100%        7
 Orb of Destruction       Conj           0%         9d5       100%        7
 Ozocubu's Refrigeration  Ice            0%         4d7       100%        7
 Spellforged Servitor     Conj/Summ      0%         N/A       100%        7
 Ignition                 Fire           0%         3d3       100%        8

Inventory:

Hand Weapons
 a - the cursed +11 consecrated labrys (weapon) {holy, Valiant Fragile Fly SInv, Melee, Cun}
   (You bought it in a shop on level 8 of the Dungeon)

   Valiant:   It becomes more powerful as more dangerous foes come into view.
   SInv:      It lets you see invisible.
   Fly:       It grants you flight.
   Fragile:   It will be destroyed if unequipped.
   It has a curse which improves the following skills: Melee Combat: Short
   Blades, Long Blades, Axes, Maces & Flails, Polearms, Staves and Unarmed
   Combat.
   Cunning:   Dodging and Stealth.
Missiles
 d - 5 throwing nets (quivered) {=f}
Armour
 h - a +0 kite shield of protection (worn)
 o - the +0 pair of gloves "Wigyr" (worn) {rC+}
   (You bought it in a shop on level 1 of the Vaults)

   rC:        It protects you from cold.
 w - the +2 pair of boots of Xoluudez {rC+ rCorr}
   (You found it on level 6 of the Dungeon)

   rC:        It protects you from cold.
   rCorr:     It protects you from acid and corrosion.
 A - the cursed +2 pair of slick slippers (worn) {slick, slippery, EV+5, Evo, Fort}
   (You found it on level 3 of the Elven Halls)

   Slick:     Its wearer cannot be constricted, engulfed, netted or webbed.
   Slippery:  It slips away from damaging melee attacks, pulling the attacker
   onward.
   EV:        It affects your evasion (+5).
   It has a curse which improves the following skills: Evocations: Evocations.
   Fortitude: Armour and Shields.
 N - the cursed +2 hat "Overhang to Understand" (worn) {Will+, Range, Elem}
   (You found it on level 3 of the Elven Halls)

   It has a curse which improves the following skills: Ranged Combat: Ranged
   Weapons and Throwing.
   Elements:  Fire Magic, Ice Magic, Air Magic and Earth Magic.
 V - a scarf of harm (worn)
 Z - the +6 chain mail of Levity (worn) {+Inv rPois Will+}
   (You found it on level 3 of the Elven Halls)

   rPois:     It protects you from poison.
   +Inv:      It lets you turn invisible.
   Will:      It increases your willpower.
Jewellery
 i - the ring "Ammusutu" (right hand) {Will+ Str+3}
   (You found it on level 13 of the Dungeon)

   [ring of willpower]

   Str:       It affects your strength (+3).
   Will:      It increases your willpower.
 p - an amulet of reflection
 v - the ring "Qiam" {Contam rElec rN+ Dex+6 Stlth+}
   (You found it on level 1 of the Orcish Mines)

   [ring of dexterity]

   Dex:       It affects your dexterity (+6).
   rElec:     It insulates you from electricity.
   rN:        It protects you from negative energy.
   Contam:    It causes magical contamination when unequipped.
   Stlth:     It makes you more stealthy.
 C - a ring of protection from cold
 E - a +5 ring of evasion (left hand)
 M - the cursed necklace of Bloodlust (around neck) {Fury *Rage Will++ Int-3 Slay+6, Self, Evo}
   (You bought it in a shop on level 9 of the Dungeon)

   [amulet of nothing]

   Fury:      It extends the wearer's berserk rage when killing foes.
   Int:       It affects your intelligence (-3).
   Slay:      It affects your accuracy & damage with ranged weapons and melee
   (+6).
   *Rage:     It berserks you when you make melee attacks (+50% chance).
   Will:      It greatly increases your willpower.
   It has a curse which improves the following skills: Introspection: Fighting
   and Spellcasting.
   Evocations: Evocations.
 P - a ring of poison resistance
 R - a ring of resist corrosion
 T - a +4 ring of protection
Wands
 m - a wand of iceblast (5)
 q - a wand of paralysis (10)
 y - a wand of flame (123)
 z - a wand of mindburst (14)
 S - a wand of polymorph (11)
Scrolls
 e - a scroll of fear
 g - 28 scrolls of identify {@r1}
 j - 5 scrolls of poison
 l - a scroll of amnesia
 u - 12 scrolls of fog
 B - 2 scrolls of silence {!r}
 F - 6 scrolls of enchant armour
 K - 5 scrolls of enchant weapon
 Q - a scroll of brand weapon
 X - 2 scrolls of magic mapping
Potions
 c - a potion of invisibility
 f - 10 potions of degeneration
 k - 5 potions of mutation
 n - 2 potions of might
 s - 2 potions of resistance
 D - 5 potions of ambrosia
 G - 5 potions of brilliance
 H - 2 potions of cancellation
 I - 4 potions of haste {@q3}
 J - 6 potions of flight
 L - a potion of berserk rage {!q}
 W - 2 potions of curing {@q1}
Miscellaneous
 b - a piece from Xom's chessboard (15/15)
 r - a phial of floods
 t - a box of beasts
 x - a phantom mirror
 O - a lightning rod (4/4)
 U - a condenser vane (inert)

Dungeon Overview and Level Annotations

Branches:
Dungeon (15/15)            Temple (1/1) D:6            Lair (5/5) D:9
  Swamp (4/4) Lair:3       Spider (4/4) Lair:3        Slime (0/5) Lair:4
    Orc (2/2) D:9             Elf (3/3) Orc:2        Vaults (4/5) D:13
  Crypt (0/3) Vaults:3     Depths (0/4) D:15

Altars:
Ashenzari
Cheibriados
Dithmenos
Elyvilon
Fedhas
Gozag
Hepliaklqana
Kikubaaqudgha
Makhleb
Nemelex Xobeh
Okawaru
Qazlal
Ru
Sif Muna
Trog
Uskayaw
Vehumet
Wu Jian
Xom
Yredelemnul
Zin
The Shining One
Jiyva

Shops:
D:2 !   D:8 (   D:9 =*?[   D:11 ?   D:13 [   D:15 *   Orc:2 [*:=(   Elf:3 (
Vaults:1 [   Vaults:2 ?   Vaults:3 [

Annotations:
D:6 1 runed translucent door, Airmonger's ghost, novice DjCj
D:8 3 runed translucent doors, soul19's ghost, novice TrFi
D:14 3 runed translucent doors, pokeman's ghost, journeyman DEHW
Lair:4 3 runed translucent doors, F1ng0rz's ghost, journeyman VSFi; mandoloar's ghost, journeyman GrEE
Orc:2 3 runed translucent doors, TheSexyCheese's ghost, adept TrFi
Elf:2 3 runed translucent doors
Vaults:2 exclusion: orange crystal statue

~ * * * ♣... ~ ♣♣♣♣ ♣.~~~.~
§ ,~ ♣♣~~♣♣ ~~~~~.§ ~ ~~*
** ♣♣♣♣~.~.♣♣♣♣.~~~~~. ,
~~~ ♣<.~.~~..♣...~~~~~.
~~§.♣♣♣♣♣.††§~~.~...~~~~~~~
~~~~~§○♣†††~~♣♣~~...~~~~~~.
~~~~~~~†.†~.~♣♣♣@DDw.~~[.♣w
♣<~~~~~†~~..♣♣ ♣♣DD~D~~~...
♣.§~~~~~♣♣§~..~♣♣..~~~~~.!.
,
♣~§~~~~~.♣~.~..~..f.~.^.§.~
,
.~~~~....♣~§~§......♣♣.....
, ..~~~.♣.~.~~~~.~♣♣♣..
.▒▒.§ , ~~.~.♣~.~....~♣♣▒
▒▒▒.*▒ *~ ,~
~..~.,.♣♣~~~.▒▒* ~ .. ...~~
♣ ...▒** ,,~~,.. * ,


You could see a shambling mangrove, a 11-headed hydra (berserk, incited), a
five-headed hydra, 3 swamp dragons and a swamp worm (berserk, incited).


Message History

The swamp dragon completely misses you. x2
You block the swamp dragon's attack.
The swamp dragon completely misses you. x2
The swamp dragon misses you. The swamp dragon closely misses you.
The swamp dragon completely misses you. x2
The 11-headed hydra closely misses you. The 11-headed hydra barely misses you.
The 11-headed hydra bites you.
* * * LOW HITPOINT WARNING * * *
The 11-headed hydra barely misses you. You block the 11-headed hydra's attack.
The 11-headed hydra misses you.
The 11-headed hydra barely misses you. x2
The 11-headed hydra misses you. x2; The 11-headed hydra closely misses you.
You block the swamp dragon's attack. The swamp dragon misses you.
The swamp dragon completely misses you.
The swamp dragon attacks as you move away!
You block the swamp dragon's attack. The swamp dragon barely misses you.
You block the swamp dragon's attack.
The swamp dragon attacks as you move away!
The swamp dragon bites you but does no damage.
The swamp dragon misses you. The swamp dragon completely misses you.
The 11-headed hydra misses you. The 11-headed hydra bites you!
* * * LOW HITPOINT WARNING * * *
The 11-headed hydra completely misses you.
The 11-headed hydra bites you.
* * * LOW HITPOINT WARNING * * *
The 11-headed hydra bites you.
* * * LOW HITPOINT WARNING * * *
You block the 11-headed hydra's attack. The 11-headed hydra bites you!
* * * LOW HITPOINT WARNING * * *
The 11-headed hydra closely misses you. You block the 11-headed hydra's attack.
The 11-headed hydra misses you. The 11-headed hydra bites you.
You die...

Skill      XL: |  1  2  3  4  5  6  7  8  9 10 11 12 13 14 15 16 17 18 19 20 21 |
---------------+----------------------------------------------------------------+-----
Polearms       | 5 6 7 8 10 12 15 16 | 16.0
Dodging        | 5 6 7 9 11 14 16 17 19 | 19.7
Axes           | 7 11 14 15 16 | 16.8
Armour         | 3 6 7 |  7.6
Shields        | 6 9 12 15 | 15.0
Fighting       | 7 8 11 14 16 18 20 | 20.5
Evocations     | 7 8 10 15 | 15.8
Throwing       | |  2.0

Action                     |  1- 3 |  4- 6 |  7- 9 | 10-12 | 13-15 | 16-18 | 19-21 || total
---------------------------+-------+-------+-------+-------+-------+-------+-------++-------
  Melee: Trident           |   111 |   164 |   201 |       |       |       |       ||   476
         Punch             |     1 |       |     2 |       |     5 |       |       ||     8
         Halberd           |       |       |   109 |   722 |       |       |       ||   831
         Tailslap          |       |       |     2 |     4 |       |       |       ||     6
         Labrys            |       |       |       |    49 |  1292 |  1969 |  1830 ||  5140
 Invoke: Call Merchant     |       |       |       |     1 |     3 |     2 |     1 ||     7
         Potion Petition   |       |       |       |       |     1 |       |     1 ||     2
         Curse Item        |       |       |       |       |       |       |     4 ||     4
  Evoke: Wand              |       |     2 |    10 |    32 |    23 |     8 |     4 ||    79
         Lightning rod     |       |       |       |       |     4 |    10 |     4 ||    18
         Phantom mirror    |       |       |       |       |     1 |       |     3 ||     4
         Box of beasts     |       |       |       |       |       |     1 |     1 ||     2
         Condenser vane    |       |       |       |       |       |       |     2 ||     2
    Use: Scroll            |     2 |     9 |     3 |     8 |    11 |     7 |    23 ||    63
         Potion            |       |     4 |     4 |     6 |     8 |     6 |     3 ||    31
   Stab: Sleeping          |     3 |     3 |       |     3 |     1 |     2 |       ||    12
         Distracted        |     1 |       |     1 |     5 |    13 |    20 |    12 ||    52
         Paralysed         |       |       |       |     6 |    11 |     2 |     3 ||    22
 Armour: Leather armour    |    16 |    36 |    29 |    11 |       |       |       ||    92
         Ring mail         |       |       |       |    61 |   199 |   305 |   132 ||   697
         Chain mail        |       |       |       |       |       |       |   127 ||   127
  Dodge: Dodged            |    51 |    82 |   198 |   435 |   938 |  1363 |  1068 ||  4135
  Block: Other             |       |       |    33 |   109 |    86 |       |       ||   228
         Reflection        |       |       |     1 |     4 |    27 |    46 |   120 ||   198
         Buckler           |       |       |       |       |   473 |    35 |       ||   508
         Kite shield       |       |       |       |       |       |  1799 |  1393 ||  3192

Levels and vault maps discovered:
D:1:      heliophobic_arrival_ceremonial_halls, layout_loops_corners
D:2:      layout_basic, basic_altar, serial_shops, shop, due_unseen_surprise
D:3:      layout_rooms, dreamdust_mushroom_princess
D:4:      layout_loops_ring, nzn_hepliaklqana_mist_gate,
          chequers_serial_rivers_micro_a
D:5:      layout_rooms
D:6:      layout_loops_ring, mainiacjoe_overflow_small_starburst,
          grunt_qazlal_clouds, minmay_temple_entry_hall, ebering_ghost_sewer_d
D:7:      nzn_winding_woodlands_medium [nzn_winding_woodlands_5x5_perimeter,
          nzn_winding_woodlands_5x15_zeroes, nzn_winding_woodlands_5x5_cross,
          nzn_winding_woodlands_5x5_checkerboard,
          nzn_winding_woodlands_center_triple_pond,
          nzn_winding_woodlands_5x5_default,
          nzn_winding_woodlands_5x5_closed_star,
          nzn_winding_woodlands_5x15_river_crossing,
          nzn_winding_woodlands_hourglass], layout_basic, lemuel_tele_altar,
          kennysheep_mini_moat, mainiacjoe_overflow_alcove_2, zin_treasury,
          minmay_misc_feat_tower, kennysheep_generic_room_4, uniq_prince_ribbit1
D:8:      layout_basic, gammafunk_ghost_split, serial_undead, serial_undead_e,
          serial_undead_c, serial_undead_e, serial_undead_c,
          kennysheep_generic_room_11
D:9:      kennysheep_ambush_hall, layout_rooms, grunt_lair_entry_orc_guard_hut,
          orc_0_dummy, serial_curves, eino_curves_04, eino_curves_04,
          eino_curves_02, eino_curves_03
D:10:     cheibrodos_breeding_chamber, layout_rooms, nrook_uturn,
          minmay_diamond_spiral, uniq_erica
D:11:     layout_cave_pools, serial_shops, nicolae_stop_n_shop_1, special_room
          [special_room_orc], minivault_16, dancing_weapons_uskayaw, uniq_grum,
          uniq_psyche, uniq_nergalle, uniq_sonja
D:12:     layout_basic, portal_ice_cave_entry_pillars_2,
          nicolae_dithmenos_through_a_glass_darkly, uniq_jorgrun
D:13:     minmay_the_grid_octo_tiled_octocenter
          [minmay_the_grid_octo_thin_diamonds, minmay_the_grid_octo_chip,
          minmay_the_grid_octo_empty, minmay_the_grid_octo_77,
          minmay_the_grid_octo_prize_big_c,
          minmay_the_grid_square_5x5_tetrominoes,
          minmay_the_grid_square_5x5_seven,
          minmay_the_grid_square_5x5_spiral_small,
          minmay_the_grid_square_5x5_minibox], layout_cave_pools,
          grunt_vaults_entry_fortified, uniq_erolcha
D:14:     kennysheep_seaside_town, layout_loops_ring, ebering_ghost_rock_garden,
          basic_altar
D:15:     gammafunk_enter_depths_forms, layout_basic,
          nicolae_cairo_tiling_large, serial_shops, nicolae_shop_statue_plus
Temple:   bh_familiar_temple
Lair:1:   layout_hall_layers, nicolae_volcano_entry_batcave
Lair:2:   layout_roguey, grunt_megastairs_4, infiniplex_staircase_pool
Lair:3:   layout_hall_layers, skrybe_swamp_entry_bodies,
          nicolae_spider_entry_non_spiders, infiniplex_staircase_pool_2,
          grunt_megastairs_2
Lair:4:   layout_gridlike, slime_entry_1, gammafunk_ghost_cemetery,
          serial_bayou_shore_b
Lair:5:   guppyfry_lair_end_dragon, layout_regular_city, wormcave
Swamp:1:  layout_falls_marsh, nicolae_swamp_some_circles, swamp_pool1,
          nicolae_swamp_trees_clearing, nicolae_swamp_hydra_murder_den
Swamp:2:  nicolae_swamp_ascending_descending, layout_basic_swamp,
          evilmike_swamp_ruin_house_2, swamp_pool1
Swamp:3:  layout_basic_swamp, evilmike_swamp_ruin_house_6, swamp_pool4,
          st_swamp_ruins_2
Swamp:4:  swamp_alternative, layout_basic_swamp, uniq_roxanne
Spider:1: layout_spider_delve, drop_trap
Spider:2: layout_spider_delve
Spider:3: layout_spider_delve
Spider:4: johnstein_spider_rune_arachne_lair,
          nicolae_spider_some_kinda_spiderbox
Orc:1:    giant_chief_lemuel, layout_caves
Orc:2:    st_orc_ogre_mass, layout_caves, biasface_ghost_orc_armoury,
          serial_shops, nicolae_shop_statue_plus
Elf:1:    layout_loops_cross, evilmike_minifort, nicolae_elf_w_pinch
Elf:2:    elven_hall_of_blades_hangedman_original
          [nicolae_blade_entry_hurt_lockers], layout_geoelf_octagon
Elf:3:    nooodl_elf_gasket, layout_geoelf_octagon, serial_shops,
          nicolae_shop_bloodbath_and_beyond, uniq_saint_roka
Vaults:1: grunt_vaults_twisty, ontoclasm_vaults_pinch, v_misc_19,
          grunt_vaults_focal, ontoclasm_vaults_chip,
          nicolae_vaults_little_squares_2, v_rooms_3,
          ontoclasm_vaults_ring_small, v_misc_24,
          nicolae_vaults_twisting_passages, ontoclasm_vaults_loading_screen,
          vaults_room_hallway, layout_vaults_omnigrid, serial_shops, shop,
          uniq_zenata
Vaults:2: ontoclasm_vaults_tryst, vaults_room_grunt_arrival_checkpoint,
          nicolae_vaults_statue_guard, vaults_room_fancy_cross,
          grunt_vaults_hallway_long, ontoclasm_vaults_gateway, v_misc_5,
          v_misc_11, layout_vaults_big_room
Vaults:3: vaults_room_grunt_arrival_ludios, minmay_crypt_entry_skeletal_spiral,
          vaults_mumra_hexcomb, v_misc_3, grunt_vaults_swirl,
          nicolae_vaults_asterisk, nicolae_vaults_shelves_hall,
          dpeg_vaults_monster_box, hangedman_vaults_impose,
          ontoclasm_vaults_ring_square, nicolae_vaults_network_square,
          vaults_dpeg_cross, grunt_vaults_bifocal, v_misc_14,
          ontoclasm_vaults_decontamination, layout_vaults_omnibox, serial_shops,
          nicolae_shop_temple_entry_statues_fountains, uniq_bai_suzhen
Vaults:4: v_rooms_4, nicolae_vaults_theta, v_misc_16, ontoclasm_vaults_fault,
          nicolae_vaults_network_quinsquares
          [nicolae_vaults_network_quincunx_subvault,
          nicolae_vaults_network_quincunx_subvault,
          nicolae_vaults_network_quincunx_subvault,
          nicolae_vaults_network_quincunx_subvault],
          nicolae_vaults_network_periphery, vaults_room_ringed_pool,
          nicolae_vaults_little_squares_2, v_misc_23, v_pattern_4,
          ontoclasm_vaults_gallery, ontoclasm_vaults_eye, v_misc_16,
          layout_vaults_maze_snakey

Notes
Turn   | Place    | Note
-------+----------+-------------------------------------------
     0 | D:1      | demibob the Merfolk Gladiator began the quest for the Orb.
     0 | D:1      | Reached XP level 1. HP: 16/16 MP: 1/1
   263 | D:1      | Reached XP level 2. HP: 22/22 MP: 2/2
   388 | D:1      | Reached skill level 5 in Polearms
   472 | D:1      | Got Sif Muna's Parchment of the Toxic Blaze
   871 | D:1      | Reached XP level 3. HP: 27/27 MP: 3/3
  1062 | D:2      | Found a bloodstained altar of Trog.
  1084 | D:2      | Found Kung's Distillery.
  1089 | D:2      | Bought a potion of might for 44 gold pieces
  1310 | D:2      | Reached skill level 6 in Polearms
  1333 | D:2      | Reached XP level 4. HP: 24/33 MP: 4/4
  1867 | D:3      | HP: 1/33 [orc priest/+0 trident (8)]
  1875 | D:3      | Reached XP level 5. HP: 22/38 MP: 5/5
  2097 | D:3      | Reached skill level 7 in Polearms
  2333 | D:4      | Reached skill level 5 in Dodging
  2424 | D:4      | Reached XP level 6. HP: 34/44 MP: 6/6
  2822 | D:4      | Reached skill level 8 in Polearms
  2890 | D:4      | Found a hazy altar of Hepliaklqana.
  3224 | D:4      | Identified a potion of resistance
  3239 | D:5      | Entered Level 5 of the Dungeon
  3309 | D:5      | Noticed a black bear
  3316 | D:5      | Killed a black bear
  3317 | D:5      | Reached skill level 6 in Dodging
  3317 | D:5      | Reached XP level 7. HP: 50/50 MP: 7/7
  3412 | D:5      | Reached skill level 9 in Polearms
  3451 | D:5      | Reached skill level 7 in Dodging
  3618 | D:5      | Reached skill level 10 in Polearms
  3747 | D:5      | Reached XP level 8. HP: 39/56 MP: 8/8
  4082 | D:5      | Identified the +9 sling of the Spheres {elec, +Blink rF-
                  | Int+3 Stlth+}
  4234 | D:6      | Found a bloodstained altar of Trog.
  4472 | D:6      | Reached skill level 11 in Polearms
  4480 | D:6      | Found a stormy altar of Qazlal.
  4537 | D:6      | Reached skill level 8 in Dodging
  4563 | D:6      | Identified the +2 pair of boots of Xoluudez {rC+ rCorr}
  4614 | D:6      | Found a staircase to the Ecumenical Temple.
  4664 | Temple   | Entered the Ecumenical Temple
  4687 | Temple   | Became a worshipper of Gozag Ym Sagoz the Greedy
  4740 | D:6      | Found a runed translucent door.
  4754 | D:6      | Noticed Airmonger's ghost (novice DjCj)
  4904 | D:6      | Noticed a wyvern
  4912 | D:6      | Killed a wyvern
  4913 | D:6      | Reached skill level 12 in Polearms
  5137 | D:7      | Noticed Prince Ribbit
  5146 | D:7      | Reached skill level 9 in Dodging
  5146 | D:7      | Killed Prince Ribbit
  5147 | D:7      | Reached XP level 9. HP: 61/61 MP: 9/9
  5340 | D:7      | Found a glowing silver altar of Zin.
  5368 | D:7      | Reached skill level 13 in Polearms
  5419 | D:7      | Found a burning altar of Makhleb.
  5619 | D:7      | Found a radiant altar of Vehumet.
  5686 | D:7      | Found a hide-covered altar of Uskayaw.
  5745 | D:7      | Reached skill level 10 in Dodging
  5823 | D:7      | Noticed a cyclops
  5828 | D:7      | Killed a cyclops
  5829 | D:7      | Reached skill level 14 in Polearms
  5940 | D:7      | Reached skill level 15 in Polearms
  5940 | D:7      | Reached skill level 11 in Dodging
  5940 | D:7      | Reached XP level 10. HP: 65/67 MP: 10/10
  6312 | D:7      | Noticed a white ugly thing
  6312 | D:7      | Noticed a two-headed ogre
  6319 | D:7      | Noticed a cyclops
  6321 | D:7      | Killed a white ugly thing
  6322 | D:7      | Reached skill level 16 in Polearms
  6322 | D:7      | Reached skill level 12 in Dodging
  6324 | D:7      | Killed a two-headed ogre
  6325 | D:7      | Reached skill level 13 in Dodging
  6331 | D:7      | Killed a cyclops
  6641 | D:8      | Noticed a cyclops
  6651 | D:8      | Killed a cyclops
  6652 | D:8      | Reached skill level 14 in Dodging
  6744 | D:8      | Reached XP level 11. HP: 61/72 MP: 11/11
  6822 | D:8      | Found a runed translucent gate.
  6823 | D:8      | Found a runed translucent gate.
  6824 | D:8      | Found a runed translucent gate.
  6826 | D:8      | Noticed soul19's ghost (novice TrFi)
  7429 | D:8      | Noticed an iron dragon
  7481 | D:8      | Noticed a shadow dragon
  7592 | D:9      | Noticed a two-headed ogre
  7592 | D:9      | Noticed a two-headed ogre
  7597 | D:9      | Reached skill level 1 in Axes
  7606 | D:9      | Reached skill level 2 in Axes
  7608 | D:9      | Killed a two-headed ogre
  7609 | D:9      | Reached skill level 3 in Axes
  7613 | D:9      | Killed a two-headed ogre
  7614 | D:9      | Reached skill level 4 in Axes
  7708 | D:9      | Identified the +5 ring mail "Foregel" {Int+3 Dex+3}
  8047 | D:9      | Reached skill level 1 in Armour
  8225 | D:9      | Identified the +2 robe "Gagax Uwni" {Dex+4 Slay+3}
  8227 | D:9      | Identified the +6 flail of Wisdom {heavy, *Noise rElec rF+}
  8257 | D:9      | Found a staircase to the Orcish Mines.
  8306 | D:9      | Found a staircase to the Lair.
  8420 | D:10     | Entered Level 10 of the Dungeon
  8467 | D:10     | Reached skill level 5 in Axes
  8467 | D:10     | Reached skill level 2 in Armour
  8545 | D:10     | Noticed a two-headed ogre
  8582 | D:10     | Killed a two-headed ogre
  8725 | D:10     | Noticed a cyclops
  8730 | D:10     | Killed a cyclops
  8800 | D:10     | Noticed Erica
  8814 | D:10     | Killed Erica
  8815 | D:10     | Reached skill level 3 in Armour
  8825 | D:10     | Noticed a cyclops
  8827 | D:10     | Noticed a cyclops
  8835 | D:10     | Noticed a wizard
  8842 | D:10     | Noticed a centaur warrior
  8859 | D:10     | Killed a centaur warrior
  8860 | D:10     | Reached skill level 6 in Axes
  8860 | D:10     | Killed a wizard
  8976 | D:10     | Identified the +1 chain mail "Wuukaeb" {rPois Will+ Stlth-}
  9058 | D:10     | Killed a cyclops
  9077 | D:10     | Killed a cyclops
  9078 | D:10     | Reached skill level 7 in Axes
  9078 | D:10     | Reached XP level 12. HP: 69/78 MP: 12/12
  9284 | D:10     | Reached skill level 8 in Axes
  9477 | D:10     | Noticed a cyan very ugly thing
  9518 | D:11     | Noticed Psyche
  9518 | D:11     | Noticed Sonja
  9518 | D:11     | Found Eluucruteu's Magic Scroll Boutique.
  9548 | D:10     | Killed Psyche
  9710 | D:11     | Killed Sonja
  9855 | D:11     | Noticed Nergalle
  9882 | D:11     | Killed Nergalle
  9883 | D:11     | Reached skill level 9 in Axes
  9980 | D:11     | Noticed a two-headed ogre
 10020 | D:11     | Killed a two-headed ogre
 10413 | D:11     | Noticed Grum
 10433 | D:11     | Reached skill level 10 in Axes
 10445 | D:11     | Killed Grum
 10513 | D:11     | Noticed a +0 dagger
 10516 | D:11     | Found a hide-covered altar of Uskayaw.
 10901 | D:12     | HP: 6/78 [red ugly thing (16)]
 11170 | Lair:1   | Entered Level 1 of the Lair of Beasts
 11263 | D:8      | Bought the +5 consecrated labrys {holy, Valiant Fragile Fly
                  | SInv} for 1236 gold pieces
 11263 | D:8      | Found the +5 consecrated labrys {holy, Valiant Fragile Fly
                  | SInv}
 11595 | Lair:1   | Identified the +2 long sword of Pien {spect, rElec Int-3
                  | Dex+7 SInv}
 11610 | Lair:1   | Reached skill level 11 in Axes
 11613 | Lair:1   | Reached XP level 13. HP: 73/83 MP: 13/13
 12654 | Lair:2   | Reached skill level 12 in Axes
 13691 | Lair:3   | Reached skill level 13 in Axes
 14167 | Lair:3   | You are sucked into a shaft and drop 2 floors!
 14167 | Lair:5   | Entered Level 5 of the Lair of Beasts
 14608 | Lair:5   | Reached skill level 14 in Axes
 14613 | Lair:5   | Reached XP level 14. HP: 42/90 MP: 14/14
 14797 | Lair:5   | Reached skill level 1 in Shields
 14852 | Lair:5   | Reached skill level 2 in Shields
 15267 | Lair:3   | Found a staircase to the Swamp.
 15569 | Lair:3   | Found a hole to the Spider Nest.
 15880 | Lair:4   | Reached skill level 3 in Shields
 16024 | Lair:4   | Found a runed translucent gate.
 16024 | Lair:4   | Found a runed translucent gate.
 16024 | Lair:4   | Found a runed translucent gate.
 16028 | Lair:4   | Noticed F1ng0rz's ghost (journeyman VSFi)
 16028 | Lair:4   | Noticed mandoloar's ghost (journeyman GrEE)
 16028 | Lair:4   | Found the +8 longbow "Zephyr" {speed, Dex+3 SInv}
 16091 | Lair:4   | Found a staircase to the Slime Pits.
 16092 | Lair:4   | Found a viscous altar of Jiyva.
 16658 | Lair:5   | Reached skill level 4 in Shields
 16917 | Lair:5   | Found a runed translucent door.
 16989 | Lair:5   | HP: 6/90 [tyrant leech (18)]
 17594 | Lair:5   | Reached skill level 5 in Shields
 18260 | Lair:5   | Reached skill level 6 in Shields
 18429 | D:9      | Bought a glittering bronze ring for 130 gold pieces
 18429 | D:9      | Identified the ring of Zyihot {Wiz *Corrode +Blink rPois
                  | Str+6} (You bought it in a shop on level 9 of the Dungeon)
 18440 | D:9      | Bought a scorched chain mail for 247 gold pieces
 18440 | D:9      | Identified the +1 chain mail of Tomorrow {Harm rPois Int-5}
                  | (You bought it in a shop on level 9 of the Dungeon)
 18486 | Orc:1    | Entered Level 1 of the Orcish Mines
 18514 | Orc:1    | Reached skill level 15 in Axes
 18698 | Orc:1    | Noticed an orc warlord
 18723 | Orc:1    | Killed an orc warlord
 19176 | Orc:1    | Noticed a stone giant
 19267 | Orc:1    | Reached XP level 15. HP: 84/95 MP: 15/15
 19518 | Orc:1    | Reached skill level 16 in Axes
 20053 | Orc:1    | Found the +7 captain's cutlass {speed, disarm}
 20183 | Orc:1    | Identified the ring "Qiam" {Contam rElec rN+ Dex+6 Stlth+}
 20198 | Orc:1    | Identified the +1 rapier of Gloom {heavy, rN+ Str+2}
 20204 | Orc:1    | Identified the +4 spear "Gotaf" {flame, rN+ Str-3 Dex+6
                  | Stlth+}
 20205 | Orc:1    | Identified the +6 whip "Aderaisu" {venom, Contam rF+ Str+3}
 20207 | Orc:1    | Identified the +0 hand axe of Autumn {flame, Str+4 Dex+3}
 20270 | Orc:2    | Entered Level 2 of the Orcish Mines
 20290 | Orc:2    | Paralysed by an ogre mage for 2 turns
 20842 | D:12     | Found a shadowy altar of Dithmenos.
 20899 | D:12     | Noticed Jorgrun
 20920 | D:12     | Killed Jorgrun
 21447 | D:13     | Noticed Erolcha
 21657 | D:13     | Killed Erolcha
 21747 | D:13     | Reached skill level 3 in Fighting
 21771 | D:13     | Reached skill level 15 in Dodging
 21981 | D:13     | Reached skill level 4 in Fighting
 22135 | D:13     | Found a gate to the Vaults.
 22380 | D:13     | Reached skill level 5 in Fighting
 22869 | D:9      | Bought an encrusted ring mail for 315 gold pieces
 22869 | D:9      | Identified the +0 ring mail "Pytur" {Slay+2} (You bought it
                  | in a shop on level 9 of the Dungeon)
 22958 | Orc:2    | Reached skill level 6 in Fighting
 22958 | Orc:2    | Reached skill level 16 in Dodging
 22996 | Orc:2    | Reached skill level 7 in Fighting
 23227 | Orc:2    | Reached XP level 16. HP: 115/115 MP: 16/16
 23342 | Orc:2    | Found Qub Codgh's Antique Weapon Boutique.
 23413 | Orc:2    | Found Unadwezxae's Book Emporium.
 23413 | Orc:2    | Found Guriraom's Jewellery Shop.
 23414 | Orc:2    | Found Saigruc's Armour Boutique.
 23414 | Orc:2    | Found Caselie's Assorted Antiques.
 23486 | Orc:2    | Found a staircase to the Elven Halls.
 23550 | Orc:2    | Found a runed translucent gate.
 23551 | Orc:2    | Found a runed translucent gate.
 23552 | Orc:2    | Noticed TheSexyCheese's ghost (adept TrFi)
 23556 | Orc:2    | Found a runed translucent gate.
 23952 | D:13     | Reached skill level 17 in Dodging
 23956 | D:13     | Reached skill level 8 in Fighting
 24075 | D:13     | Identified the ring "Ammusutu" {Will+ Str+3}
 24365 | D:13     | Bought a runed kite shield for 247 gold pieces
 24365 | D:13     | Bought a pair of embroidered gloves for 247 gold pieces
 24402 | D:14     | Reached skill level 1 in Evocations
 24438 | D:14     | Reached skill level 2 in Evocations
 24672 | D:14     | Found a runed translucent gate.
 24673 | D:14     | Found a runed translucent gate.
 24673 | D:14     | Found a runed translucent gate.
 24673 | D:14     | Noticed pokeman's ghost (journeyman DEHW)
 24722 | D:14     | Reached skill level 7 in Shields
 24722 | D:14     | Reached skill level 3 in Evocations
 24874 | D:14     | Found a basalt altar of Yredelemnul.
 25483 | D:15     | Entered Level 15 of the Dungeon
 25906 | D:15     | Reached skill level 4 in Evocations
 26141 | D:15     | Reached skill level 8 in Shields
 26147 | D:15     | Reached skill level 5 in Evocations
 26518 | D:15     | Found Ytoenn's General Store.
 26765 | D:15     | Reached skill level 6 in Evocations
 27028 | D:15     | Reached skill level 9 in Shields
 27253 | D:15     | Found a staircase to the Depths.
 27452 | Spider:1 | Entered Level 1 of the Spider Nest
 27731 | Spider:1 | Reached skill level 7 in Evocations
 28372 | Spider:2 | Reached XP level 17. HP: 119/122 MP: 17/17
 29034 | Spider:3 | Reached skill level 10 in Shields
 29160 | Spider:3 | Reached skill level 8 in Evocations
 29677 | Spider:3 | Identified the +0 sling of Defiance {drain, rF++ MP-9
                  | Str+6}
 29809 | Spider:3 | Reached skill level 9 in Fighting
 30240 | Spider:4 | Entered Level 4 of the Spider Nest
 30245 | Spider:4 | Reached skill level 11 in Shields
 30456 | Spider:4 | Identified the +5 dagger of Atuxalou {pain, Fragile rElec
                  | Str+6 SInv}
 30568 | Spider:4 | Reached skill level 10 in Fighting
 31205 | Spider:4 | Reached skill level 12 in Shields
 31634 | Spider:4 | Reached skill level 11 in Fighting
 31921 | Spider:4 | Noticed Arachne
 31952 | Spider:4 | Killed Arachne
 31953 | Spider:4 | Reached XP level 18. HP: 70/138 MP: 18/18
 32794 | Spider:4 | Reached skill level 12 in Fighting
 33072 | Spider:4 | Got a gossamer rune of Zot
 33310 | Vaults:1 | Entered Level 1 of the Vaults
 33318 | Vaults:1 | Reached skill level 13 in Shields
 33599 | Vaults:1 | Noticed Zenata
 33625 | Vaults:1 | Killed Zenata
 33912 | Vaults:1 | Identified the +3 dagger of Sin {flame, Will++ Stlth+}
 34229 | Vaults:1 | Found Kuimacej's Antique Armour Shoppe.
 34236 | Vaults:1 | Bought a pair of masterwork gloves for 247 gold pieces
 34236 | Vaults:1 | Identified the +0 pair of gloves "Wigyr" {rC+} (You bought
                  | it in a shop on level 1 of the Vaults)
 34882 | Vaults:1 | Reached skill level 13 in Fighting
 35358 | Vaults:1 | Reached skill level 14 in Shields
 36065 | Vaults:2 | Identified the +4 rapier "Uxtiuzal" {freeze, rN+ Will+}
 37146 | Vaults:2 | Reached skill level 14 in Fighting
 38103 | Vaults:2 | Reached skill level 15 in Shields
 38103 | Vaults:2 | Reached XP level 19. HP: 106/153 MP: 19/19
 38667 | Vaults:3 | Noticed Bai Suzhen
 38696 | Vaults:3 | Killed Bai Suzhen
 38975 | Vaults:3 | Reached skill level 4 in Armour
 39128 | Vaults:3 | Reached skill level 15 in Fighting
 39442 | Vaults:3 | Reached skill level 5 in Armour
 39675 | Vaults:3 | Found Ypoazas's Antique Armour Boutique.
 40282 | Vaults:2 | Bought a scroll of acquirement for 936 gold pieces
 40282 | Vaults:2 | Acquired a manual of Evocations
 40570 | Vaults:3 | Reached skill level 16 in Fighting
 40580 | Vaults:3 | Reached skill level 6 in Armour
 41009 | Vaults:3 | Found a staircase to the Crypt.
 41074 | Vaults:3 | Reached skill level 9 in Evocations
 41879 | Vaults:4 | Reached skill level 10 in Evocations
 42170 | Vaults:4 | Reached XP level 20. HP: 134/166 MP: 20/20
 42371 | Vaults:4 | Reached skill level 7 in Armour
 42538 | Vaults:4 | Reached skill level 11 in Evocations
 43075 | Vaults:4 | Reached skill level 17 in Fighting
 43895 | Vaults:4 | Reached skill level 12 in Evocations
 44377 | Elf:1    | Entered Level 1 of the Elven Halls
 44886 | Elf:1    | Reached skill level 13 in Evocations
 44997 | Elf:1    | Paralysed by an air elemental for 1 turns
 45953 | Elf:1    | Noticed a Tzitzimitl
 46260 | Elf:1    | Reached skill level 18 in Fighting
 46267 | Elf:1    | Reached skill level 14 in Evocations
 46428 | Elf:2    | Paralysed by an air elemental for 1 turns
 46927 | Elf:2    | Paralysed by an air elemental for 1 turns
 47552 | Elf:2    | Reached skill level 15 in Evocations
 47573 | Elf:2    | Found a runed translucent gate.
 47573 | Elf:2    | Found a runed translucent gate.
 47573 | Elf:2    | Found a runed translucent gate.
 47713 | Elf:3    | Entered Level 3 of the Elven Halls
 47730 | Elf:3    | Found the +1 robe of Vines {NoPotionHeal Regen++++}
 47902 | Elf:3    | Found the +3 robe of Clouds {*Thunder rCloud rElec}
 48097 | Elf:3    | Reached XP level 21. HP: 152/178 MP: 21/21
 48204 | Elf:3    | HP: 17/178 [poisoned by a deep elf annihilator (poison
                  | arrow)]
 48555 | Elf:3    | Found Roakok's Weapon Emporium.
 49279 | Temple   | Fell from the grace of Gozag
 49279 | Temple   | Became a worshipper of Ashenzari the Shackled
 49797 | D:9      | Bought the necklace of Bloodlust {Fury *Rage Will++ Int-3
                  | Slay+6} for 815 gold pieces
 49797 | D:9      | Found the necklace of Bloodlust {Fury *Rage Will++ Int-3
                  | Slay+6}
 50042 | Elf:3    | Reached skill level 19 in Fighting
 50168 | Elf:3    | Identified the +1 trident "Muvime" {freeze, Stlth+}
 50333 | Elf:3    | Identified the +3 ring mail "Muawo" {rElec rF++}
 50667 | Elf:3    | Identified the +4 long sword of Impatience {venom, rN++
                  | Will- Dex+3}
 50822 | Elf:3    | Identified the +0 pair of boots "Pot Xisk" {-Cast Fly rC++}
 50824 | Elf:3    | Identified the +6 chain mail of Levity {+Inv rPois Will+}
 50958 | Elf:3    | Identified the +9 mace of Cruel Justice {freeze, Will+
                  | Dex+3 Stlth+}
 50977 | Elf:3    | Identified the +6 war axe "Erabba" {drain, Int+3}
 50977 | Elf:3    | HP: 14/177 [deep elf annihilator/crystal spear (61)]
 51569 | Elf:3    | Identified the +0 robe of the Volcano {Drain +Inv Str+3
                  | Int+2}
 52035 | Elf:3    | Reached skill level 18 in Dodging
 52542 | Elf:3    | Noticed Saint Roka
 52875 | Elf:3    | Killed Saint Roka
 53130 | Elf:3    | Found the +2 pair of slick slippers {slick, slippery, EV+5}
 53593 | Swamp:1  | Entered Level 1 of the Swamp
 55074 | Swamp:2  | Reached skill level 20 in Fighting
 55074 | Swamp:2  | Reached * piety under Ashenzari
 55438 | Swamp:3  | Reached skill level 19 in Dodging
 55582 | Swamp:3  | Reached ** piety under Ashenzari
 55954 | Swamp:4  | Entered Level 4 of the Swamp
 56608 | Swamp:4  | >>game
 56609 | Swamp:4  | HP: 18/187 [11-headed hydra (3)]
 56609 | Swamp:4  | HP: 4/187 [11-headed hydra (13)]
 56609 | Swamp:4  | Slain by an 11-headed hydra

Vanquished Creatures
  Bai Suzhen (Vaults:3)
  Saint Roka (Elf:3)
  Arachne (Spider:4)
  Jorgrun (D:12)
  A lich (Vaults:4)
  Zenata (Vaults:1)
  2 deep elf blademasters (Elf:3)
  3 deep elf master archers (Elf:3)
  A tengu reaver (Vaults:3)
  2 emperor scorpions (Spider:4)
  10 deep elf sorcerers
  12 vault wardens
  6 ghost moths
  3 deep elf elementalists (Elf:3)
  An orc warlord (Orc:1)
  A ghoul (Swamp:1)
  5 very ugly things
  10 ironbound preservers
  6 war gargoyles
  A broodmother (Spider:3)
  A stone giant (Orc:1)
  9 ironbound thunderhulks
  6 deep elf demonologists
  2 eleionomae
  8 dire elephants
  2 spark wasps (Spider:4)
  9 deep elf annihilators
  5 bunyips
  12 deep elf death magi
  3 ettins (Orc:1)
  4 entropy weavers
  7 great orbs of eyes
  2 shambling mangroves (Swamp:4)
  11 yaktaur captains
  2 fire dragons
  4 deep elf high priests (Elf:3)
  15 vault guards
  An ice dragon (Lair:5)
  17 hydras
  Erolcha (D:13)
  4 peacekeepers
  5 ogre magi
  3 jorogumos
  2 catoblepae
  7 ironbound frosthearts
  A radroach (Spider:4)
  A death knight (D:14)
  8 boulder beetles
  25 two-headed ogres
  16 centaur warriors
  10 alligators
  A ghost crab (Swamp:1)
  3 death yaks (Lair:5)
  2 orc high priests
  A deep troll earth mage (Vaults:4)
  14 dancing weapons
  Sonja (D:11)
  Nergalle (D:11)
  14 deep elf knights
  A titan skeleton (Vaults:3)
  2 sun moths (Spider:4)
  5 pharaoh ants
  A death drake (Swamp:3)
  27 deep trolls
  13 deep elf archers
  2 goliath frogs
  A glowing orange brain (D:15)
  11 skeletal warriors
  3 bog bodies
  7 orb spiders
  2 spriggan druids
  8 swamp dragons
  A necromancer (Vaults:3)
  16 ironbound convokers
  A golden dragon skeleton (Vaults:3)
  A lindwurm (shapeshifter) (Elf:1)
  3 orc knights
  6 wizards
  5 steelbarb worms
  7 lindwurms
  4 orc sorcerers
  A mana viper (shapeshifter) (D:13)
  16 deep elf zephyrmancers
  28 wolf spiders
  24 deep elf pyromancers
  40 ugly things
  A will-o-the-wisp (Swamp:2)
  A shining eye (shapeshifter) (Vaults:4)
  22 cyclopes
  4 manticores
  A moth of wrath (Spider:3)
  A frost giant skeleton (Vaults:3)
  2 stone giant skeletons (Vaults:3)
  2 black mambas
  14 vault sentinels
  10 cane toads
  A gargoyle (D:13)
  A cane toad (shapeshifter) (D:15)
  8 demonic crawlers
  An unseen horror (D:13)
  11 torpor snails
  Psyche (D:10)
  7 komodo dragons
  26 yaktaurs
  7 rime drakes
  A freezing wraith (D:13)
  A yaktaur skeleton (Vaults:3)
  6 human skeletons (Vaults:3)
  8 tyrant leeches
  6 trolls
  4 meliai (Spider:4)
  3 polar bears
  16 hornets
  A tarantella (shapeshifter) (D:14)
  Prince Ribbit (D:7)
  40 blink frogs
  24 tarantellas
  5 dream sheep
  16 slime creatures
  13 culicivoras
  4 air elementals
  17 jumping spiders
  3 water elementals
  6 wraiths
  2 shadows
  3 wyverns
  2 ettin skeletons (Vaults:3)
  5 fire elementals
  5 basilisks
  A human (D:13)
  26 yaks
  A human (shapeshifter) (D:13)
  Grum (D:11)
  3 fire bats (Lair:1)
  29 redbacks
  A spriggan (Swamp:3)
  2 steam dragons
  7 vampire mosquitoes
  An acid dragon (D:7)
  10 swamp worms
  9 wargs
  21 water moccasins
  21 orc warriors
  3 sky beasts (D:7)
  8 swamp drakes
  7 black bears
  A hornet zombie (D:8)
  2 ice beasts
  32 ogres
  8 wolves
  10 centaurs
  2 kobold brigands (D:14)
  14 bullfrogs
  2 necrophages
  A gnoll sergeant (D:5)
  4 earth elementals (Elf:1)
  8 scorpions
  3 wights (D:8)
  14 killer bees
  6 electric eels
  2 howler monkeys
  2 hounds
  12 orc priests
  A jelly (D:7)
  3 gnoll boudas (D:14)
  9 iguanas
  11 orc wizards
  A killer bee zombie (D:8)
  A howler monkey zombie (D:8)
  20 gnolls
  4 adders
  A shadow imp (D:7)
  A white imp (D:7)
  2 ufetubi
  3 worms (Lair:3)
  2 dart slugs
  88 orcs
  A ball python (D:3)
  4 bats
  5 endoplasms
  5 giant cockroaches
  8 goblins
  7 hobgoblins
  4 jackals (D:3)
  7 quokkas
  5 frilled lizards
  13 kobolds
  6 rats
1344 creatures vanquished.

Vanquished Creatures (collateral kills)
  A hydra (Swamp:3)
  A swamp dragon (Swamp:3)
2 creatures vanquished.

Vanquished Creatures (others)
  Erica (D:10)
  A deep elf knight (Elf:2)
  A sun moth (Spider:4)
  A deep elf archer (Elf:1)
  2 wizards
  2 deep elf zephyrmancers
  3 deep elf pyromancers
  2 bloated husks
  A meliai (shapeshifter) (D:13)
  3 air elementals (Elf:1)
  A water elemental (Elf:3)
  48 fungi
  64 plants
  6 withered plants (Lair:4)
136 creatures vanquished.

Grand Total: 1482 creatures vanquished

Table legend: (Time is in decaauts)
 A = Elapsed time spent in this place.
 B = Non-inter-level travel time spent in this place.
 C = Inter-level travel time spent in this place.
 D = Time resting spent in this place.
 E = Time spent auto-exploring this place.
 F = Levels seen in this place.
 G = Mean time per level.
                   A        B        C        D        E       F      G
               +--------+--------+--------+--------+--------+-----+--------+
         Total |  54988 |  51403 |   3585 |   9820 |  32010 |  38 | 1447.1 |
       Dungeon |  17037 |  15643 |   1394 |   1293 |  11053 |  15 | 1135.8 |
        Temple |    234 |    170 |     64 |      0 |    161 |   1 |  234.0 |
          Lair |   7146 |   6737 |    409 |   1069 |   4408 |   5 | 1429.2 |
         Swamp |   2732 |   2662 |     70 |    557 |   1664 |   4 |  683.0 |
   Spider Nest |   5546 |   5324 |    222 |    677 |   3387 |   4 | 1386.5 |
  Orcish Mines |   3365 |   2642 |    723 |    749 |   1410 |   2 | 1682.5 |
   Elven Halls |   8330 |   7856 |    474 |   3155 |   3516 |   3 | 2776.7 |
        Vaults |  10595 |  10370 |    225 |   2319 |   6409 |   4 | 2648.8 |
               +--------+--------+--------+--------+--------+-----+--------+

Top non-repeatable levels by time:
   Elf:3: 4455 daAuts
Vaults:1: 2943 daAuts
Vaults:2: 2818 daAuts
Spider:4: 2796 daAuts
Vaults:3: 2710 daAuts
   Orc:1: 2662 daAuts
  Lair:5: 2407 daAuts
   Elf:1: 2200 daAuts
Vaults:4: 2123 daAuts
    D:15: 1693 daAuts
   Elf:2: 1674 daAuts
    D:13: 1557 daAuts
     D:7: 1510 daAuts
    D:12: 1406 daAuts
  Lair:3: 1399 daAuts

Table legend:
 A = Non-vault XP
 B = Vault XP
 C = Vault XP percentage of total XP
 D = Non-vault monster count
 E = Vault monster count
 F = Vault count percentage of total count
                 A         B        C        D         E       F
            +---------+---------+-------+---------+---------+-------
      Total |  337988 |  256615 |  43.2 |     867 |     488 |  36.0
            +---------+---------+-------+---------+---------+-------
        D:1 |      37 |       0 |   0.0 |      20 |       0 |   0.0
        D:2 |      76 |       0 |   0.0 |      24 |       0 |   0.0
        D:3 |      87 |       0 |   0.0 |      23 |       0 |   0.0
        D:4 |     213 |       0 |   0.0 |      16 |       0 |   0.0
        D:5 |     891 |       0 |   0.0 |      18 |       0 |   0.0
        D:6 |     799 |       0 |   0.0 |      18 |       0 |   0.0
        D:7 |    2413 |    3813 |  61.2 |      35 |      20 |  36.4
        D:8 |     168 |    1031 |  86.0 |       5 |       8 |  61.5
        D:9 |     797 |    3144 |  79.8 |      18 |      13 |  41.9
       D:10 |    2716 |    6269 |  69.8 |      13 |      11 |  45.8
       D:11 |    2612 |    2724 |  51.0 |      12 |      22 |  64.7
       D:12 |    3987 |    1904 |  32.3 |      18 |       1 |   5.3
       D:13 |    6861 |   15789 |  69.7 |      15 |      29 |  65.9
       D:14 |   10520 |    1370 |  11.5 |      17 |      23 |  57.5
       D:15 |   19680 |    4788 |  19.6 |      33 |       8 |  19.5
     Lair:1 |    3486 |     591 |  14.5 |      15 |       3 |  16.7
     Lair:2 |    6163 |      88 |   1.4 |      24 |       1 |   4.0
     Lair:3 |    7204 |    1742 |  19.5 |      28 |      12 |  30.0
     Lair:4 |    3746 |       0 |   0.0 |      14 |       0 |   0.0
     Lair:5 |   11548 |   10686 |  48.1 |      35 |      32 |  47.8
    Swamp:1 |    8974 |     864 |   8.8 |      17 |       1 |   5.6
    Swamp:2 |    7387 |       0 |   0.0 |      13 |       0 |   0.0
    Swamp:3 |    9806 |    2834 |  22.4 |      16 |       4 |  20.0
    Swamp:4 |   10035 |    7531 |  42.9 |      17 |      14 |  45.2
   Spider:1 |    7398 |       0 |   0.0 |      21 |       0 |   0.0
   Spider:2 |    4558 |       0 |   0.0 |      14 |       0 |   0.0
   Spider:3 |   17940 |       0 |   0.0 |      42 |       0 |   0.0
   Spider:4 |   15311 |   33261 |  68.5 |      33 |      63 |  65.6
      Orc:1 |    6864 |   11326 |  62.3 |      29 |      23 |  44.2
      Orc:2 |    1995 |   15782 |  88.8 |      22 |      37 |  62.7
      Elf:1 |   29558 |    5105 |  14.7 |      53 |      10 |  15.9
      Elf:2 |   18489 |    1662 |   8.2 |      29 |       2 |   6.5
      Elf:3 |   14109 |   46769 |  76.8 |      20 |      49 |  71.0
   Vaults:1 |   20708 |   11489 |  35.7 |      28 |      13 |  31.7
   Vaults:2 |   27379 |    7688 |  21.9 |      38 |      11 |  22.4
   Vaults:3 |   34883 |   35325 |  50.3 |      50 |      49 |  49.5
   Vaults:4 |   18590 |   23040 |  55.3 |      24 |      29 |  54.7
            +---------+---------+-------+---------+---------+-------
